 Dungeon Crawl Stone Soup version 0.29-a0-334-gb41bcbb86e (webtiles) character file.

Game seed: 1615428317401954426

8953 chopper the Protected (level 11, -6/94 (97) HPs)
             Began as a Minotaur Fighter on Apr 16, 2022.
             Was the Champion of Elyvilon.
             Killed from afar by a gargoyle (11 damage)
             ... with a stone arrow
             ... on level 11 of the Dungeon.
             The game lasted 01:26:58 (11842 turns).

chopper the Protected (Minotaur Fighter)           Turns: 11842, Time: 01:26:58

HP:   -6/94 (97)    AC: 17    Str: 24    XL:     11   Next: 16%
MP:   10/10         EV:  8    Int:  5    God:    Elyvilon [******]
Gold: 485           SH:  5    Dex: 11    Spells: 10/10 levels left

rFire   + + +      SeeInvis .   O - +10 dagger of Xofeweawna {vorpal, *Rage rF+++ rN+}
rCold   + . .      Faith    .   c - +0 buckler
rNeg    + . .      Spirit   .   M - +1 plate armour
rPois   +          Reflect  .   (helmet restricted)
rElec   .          Harm     .   (no cloak)
rCorr   .          Rampage  .   I - +0 pair of gloves
Will    .....      Rage     20% (no boots)
Stlth   ..........              m - amulet of regeneration
HPRegen 1.05/turn               D - ring of protection from cold
MPRegen 0.12/turn               f - ring of poison resistance

@: about to teleport, lightly drained
A: horns 2, retaliatory headbutt
a: Renounce Religion, Purification, Heal Other, Heal Self, Divine Vigour


You were on level 11 of the Dungeon.
You worshipped Elyvilon.
Elyvilon was exalted by your worship.
You visited 1 branch of the dungeon, and saw 11 of its levels.
You also visited: Sewer.

You collected 634 gold pieces.
You spent 149 gold pieces at shops.

Inventory:

Hand Weapons
 a - a +0 war axe
 w - the +8 mace of Objectivity {freeze, rC+ Will+ Str-5}
   (You found it on level 5 of the Dungeon)

   It freezes those it strikes, dealing additional cold damage.
   It can also slow down cold-blooded creatures.
   Str:       It affects your strength (-5).
   rC:        It protects you from cold.
   Will:      It increases your willpower.
 z - a +1 broad axe of venom
 G - a +2 antimagic spear
 K - a +3 scimitar of flaming
 O - the +10 dagger of Xofeweawna (weapon) {vorpal, *Rage rF+++ rN+}
   (You took it off an orc on level 11 of the Dungeon)

   It inflicts extra damage upon your enemies.
   rF:        It renders you almost immune to fire.
   rN:        It protects you from negative energy.
   *Rage:     It berserks you when you make melee attacks (+20% chance).
Missiles
 e - 11 javelins
 r - 6 boomerangs (quivered)
Armour
 c - a +0 buckler (worn)
 E - a +0 chain mail of fire resistance
 I - a +0 pair of gloves (worn)
 M - a +1 plate armour (worn)
Jewellery
 f - a ring of poison resistance (right hand)
 m - an amulet of regeneration (around neck)
 x - an amulet of guardian spirit
 B - a ring of see invisible
 D - a ring of protection from cold (left hand)
Wands
 p - a wand of iceblast (26)
 F - a wand of flame (28)
Scrolls
 g - a scroll of fog
 h - 3 scrolls of noise
 k - 2 scrolls of magic mapping
 u - a scroll of enchant armour
 v - 2 scrolls of fear {unknown}
 y - a scroll of silence {unknown}
 J - a scroll of vulnerability {unknown}
 L - a scroll of torment {unknown}
 N - a scroll of enchant weapon {unknown}
Potions
 b - a potion of ambrosia {unknown}
 d - 5 potions of might
 j - 11 potions of curing
 l - 4 potions of berserk rage
 n - a potion of brilliance {unknown}
 o - 2 potions of degeneration
 s - 3 potions of attraction {unknown}
 t - a potion of experience {unknown}
 A - 2 potions of mutation {unknown}
 C - a potion of lignification {unknown}
 H - 2 potions of flight {unknown}


   Skills:
 + Level 9.0 Fighting
 + Level 1.5 Long Blades
 + Level 7.3(9.6) Axes
 + Level 9.8(10.9) Maces & Flails
 + Level 5.2 Throwing
 + Level 11.3 Armour
 + Level 3.7 Dodging
 + Level 1.4 Stealth
 + Level 7.3 Shields


You had 10 spell levels left.
You didn't know any spells.
Your spell library contained the following spells:

 Spells                   Type           Power      Damage    Failure   Level
 Freeze                   Ice            0%         1d3       100%        1
 Frozen Ramparts          Ice            0%         1d2       100%        3
 Ozocubu's Armour         Ice            0%         N/A       100%        3
 Hailstorm                Conj/Ice       0%         3d3       100%        4
 Metabolic Englaciation   Hex/Ice        0%         N/A       100%        5
 Simulacrum               Ice/Necr       0%         N/A       100%        6


Dungeon Overview and Level Annotations

Branches:
Dungeon (11/15)            Temple (0/1) D:4            Lair (0/6) D:11
    Orc (0/2) D:11          Sewer (visited)

Altars:
Elyvilon
Vehumet

Shops:
D:1 !   D:7 *

Annotations:
D:6 3 runed translucent doors, gzilladon's ghost, novice MiBe; rabbitsville's ghost, novice DEAE


Innate Abilities, Weirdness & Mutations

You have a pair of horns on your head.
You reflexively headbutt those who attack you in melee.


Message History

You slice the unseen horror!! You burn the unseen horror.
You kill the unseen horror!
Your Long Blades skill increases to level 1!
You remove your ring of see invisible.
D - a ring of protection from cold (left hand)
You open the door.
There is an open door here.
You now have 485 gold pieces (gained 14).
A gargoyle comes into view. It is wielding a +0 morningstar.
Found 11 gold pieces.
Your +3 scimitar of flaming stops flaming.
O - the +10 dagger of Xofeweawna (weapon)
{vorpal, *Rage rF+++ rN+}
There is an open door here.
The gargoyle hurls a stone arrow at you.
The stone arrow hits you!
The gargoyle hits you with a +0 morningstar!
You hit the gargoyle but do no damage.
You headbutt the gargoyle, but do no damage.
The gargoyle hurls a stone arrow at you.
The stone arrow hits you!!
You hit the gargoyle but do no damage.
The gargoyle hits you with a +0 morningstar!
You barely miss the gargoyle.
The gargoyle hits you with a +0 morningstar!
* * * LOW HITPOINT WARNING * * *
As you read the scroll labelled MIGENE PEUKK, it crumbles to dust.
It is a scroll of enchant armour.
Your +0 plate armour glows green for a moment.
The gargoyle barely misses you.
As you read the scroll of teleportation, it crumbles to dust.
You feel strangely unstable.
The gargoyle hits you with a +0 morningstar!
* * * LOW HITPOINT WARNING * * *
As you read the scroll of fog, it crumbles to dust.
The scroll dissolves into smoke.
The gargoyle hits you with a +0 morningstar!
* * * LOW HITPOINT WARNING * * *
The gargoyle hurls a stone arrow at you.
The stone arrow hits you!
You die...

*## ### ########.# #.#
###........# #.# #..........#
#.########..........#
###...................#####
#......#########...........
#######......#<.§§§..#...........
.............#.§@§§..'...........
.............#§§§§§..#...........
$............###9#####.....######
...............§........####
........................#
........................#
.....####...######......#
.....*,,#####,,,,#......#
.....*,,,,,,,,^,,#......#########


You could see a gargoyle.

Vanquished Creatures
  Erica (D:9)
  A gargoyle (D:11)
  An unseen horror (D:11)
  A troll (D:10)
  2 hornets (D:7)
  A wraith (D:9)
  A vampire (D:9)
  A wyvern (D:10)
  19 yaks
  A steam dragon (D:9)
  2 acid dragons
  A water moccasin (D:6)
  Pargi (Sewer)
  2 sky beasts
  An ice beast (D:8)
  4 black bears
  6 orc warriors
  An ogre (D:6)
  5 centaurs
  A phantom (D:4)
  3 kobold brigands
  A gnoll sergeant (D:8)
  3 scorpions
  A bullfrog (D:7)
  3 wights (D:8)
  2 howler monkeys (D:9)
  8 orc priests
  4 hounds
  5 iguanas
  9 orc wizards
  Ijyb (D:3)
  8 gnolls
  7 adders
  2 white imps
  2 ufetubi
  3 worms
  A dart slug (D:1)
  22 orcs
  5 endoplasms
  4 giant cockroaches (D:3)
  3 goblins
  7 hobgoblins
  8 quokkas
  10 ball pythons
  8 bats
  A frilled lizard (D:1)
  18 kobolds
  6 rats
208 creatures vanquished.

Vanquished Creatures (others)
  13 fungi (D:6)
13 creatures vanquished.

Grand Total: 221 creatures vanquished

Notes
Turn   | Place    | Note
-------+----------+-------------------------------------------
     0 | D:1      | chopper the Minotaur Fighter began the quest for the Orb.
     0 | D:1      | Reached XP level 1. HP: 19/19 MP: 0/0
    66 | D:1      | Found Sior's Distillery.
   342 | D:1      | Reached XP level 2. HP: 26/27 MP: 1/1
   461 | D:1      | Found a faded altar of an unknown god.
   559 | D:1      | Prayed at the altar of an unknown god.
   559 | D:1      | Became a worshipper of Elyvilon the Healer
   559 | D:1      | Reached * piety under Elyvilon
   903 | D:2      | Reached XP level 3. HP: 30/33 MP: 2/2
   941 | D:2      | Reached skill level 4 in Armour
  1031 | D:2      | Identified the +0 cloak of Okawaru's Envy {Drain rElec
                  | Int+3}
  1461 | D:2      | Reached ** piety under Elyvilon
  1779 | D:3      | Noticed Ijyb
  1789 | D:3      | Killed Ijyb
  1790 | D:3      | Reached XP level 4. HP: 40/40 MP: 3/3
  1893 | D:3      | Found a glowing drain.
  1913 | Sewer    | Entered a sewer
  1939 | Sewer    | Noticed Pargi
  1960 | Sewer    | Killed Pargi
  1961 | Sewer    | Reached skill level 1 in Dodging
  1961 | Sewer    | Reached XP level 5. HP: 29/47 MP: 4/4
  2233 | D:3      | Reached skill level 5 in Axes
  2233 | D:3      | Reached skill level 5 in Armour
  2519 | D:3      | Reached *** piety under Elyvilon
  2548 | D:3      | Reached XP level 6. HP: 53/53 MP: 5/5
  2938 | D:4      | Found a staircase to the Ecumenical Temple.
  3785 | D:4      | Reached **** piety under Elyvilon
  3884 | D:4      | Reached skill level 5 in Fighting
  4089 | D:5      | Entered Level 5 of the Dungeon
  4094 | D:5      | Identified the +8 mace of Objectivity {freeze, rC+ Will+
                  | Str-5}
  4105 | D:5      | Noticed a yak
  4106 | D:5      | Noticed a yak
  4106 | D:5      | Noticed a yak
  4107 | D:5      | Noticed a yak
  4109 | D:5      | Noticed a yak
  4121 | D:5      | Killed a yak
  4122 | D:5      | Reached skill level 6 in Armour
  4122 | D:5      | Reached XP level 7. HP: 42/61 MP: 6/6
  4137 | D:4      | Killed a yak
  4138 | D:4      | Reached skill level 1 in Maces & Flails
  4185 | D:4      | Killed a yak
  4186 | D:4      | Reached skill level 7 in Armour
  4250 | D:4      | Killed a yak
  4251 | D:4      | Reached XP level 8. HP: 63/69 MP: 7/7
  4263 | D:4      | Reached skill level 5 in Shields
  5185 | D:6      | Reached skill level 1 in Throwing
  5227 | D:5      | Reached skill level 8 in Armour
  5227 | D:5      | Reached skill level 1 in Stealth
  5351 | D:6      | Found a runed translucent gate.
  5351 | D:6      | Found a runed translucent gate.
  5356 | D:6      | Found a runed translucent gate.
  5361 | D:6      | Noticed gzilladon's ghost (novice MiBe)
  5361 | D:6      | Noticed rabbitsville's ghost (novice DEAE)
  5374 | D:6      | Reached ***** piety under Elyvilon
  5589 | D:6      | Reached skill level 5 in Maces & Flails
  5589 | D:6      | Reached XP level 9. HP: 56/75 MP: 8/8
  6436 | D:7      | Paralysed by a hornet for 3 turns
  6440 | D:7      | Reached skill level 9 in Armour
  6954 | D:7      | Identified the +1 robe of Sufficient Creativity {rC+ MP-9
                  | Dex+3}
  7038 | D:7      | Found Ycwur's Fire Supplies.
  7058 | D:7      | Bought a +0 chain mail of fire resistance for 149 gold
                  | pieces
  7742 | D:7      | Reached XP level 10. HP: 53/86 MP: 9/9
  8401 | D:9      | Reached skill level 10 in Armour
  8726 | D:9      | Noticed a two-headed ogre
  8994 | D:9      | Noticed Erica
  9056 | D:9      | Killed Erica
  9057 | D:9      | Reached skill level 5 in Throwing
  9441 | D:10     | Entered Level 10 of the Dungeon
  9639 | D:10     | Reached ****** piety under Elyvilon
  9717 | D:10     | Reached skill level 11 in Armour
 10173 | D:10     | Found a radiant altar of Vehumet.
 10414 | D:9      | Reached XP level 11. HP: 71/95 MP: 10/10
 11120 | D:11     | Found a staircase to the Lair.
 11157 | D:11     | Noticed a death knight
 11163 | D:11     | Noticed a phantasmal warrior
 11163 | D:11     | Elyvilon protects you from harm!
 11164 | D:11     | Noticed a death knight
 11295 | D:11     | Identified the +10 dagger of Xofeweawna {vorpal, *Rage
                  | rF+++ rN+}
 11314 | D:11     | Found a staircase to the Orcish Mines.
 11785 | D:11     | Reached skill level 1 in Long Blades
 11841 | D:11     | HP: 4/94 [gargoyle/+0 morningstar (8)]
 11842 | D:11     | Killed from afar by a gargoyle

Illustrated notes

Levels and vault maps discovered:
D:1:      dpeg_arrival_water_temple_mockup, layout_loops_ring, serial_shops,
          shop, chequers_ecumenical_altar_simple, minmay_misc_feat_roman,
          hex_medium
D:2:      layout_loops_corners
D:3:      layout_loops_ring, portal_sewer_entry_f, kennysheep_donut,
          minmay_surrounded, uniq_ijyb
D:4:      layout_loops_corners, minmay_temple_entry_glassed_door
D:5:      layout_loops_ring, chequers_serial_rivers_large_a
D:6:      layout_layer_cave, gammafunk_ghost_cemetery, amcnicky_mini_pool_small,
          dreamdust_gnoll_farm
D:7:      layout_rooms, nicolae_shop_fire_sale [nicolae_sub_dead_trees],
          minmay_misc_feat_rows
D:8:      layout_basic, minmay_misc_feat_cross
D:9:      layout_rooms, hangedman_abyss_or_decor_clamps, uniq_erica
D:10:     layout_gridville, nicolae_vehumet_radiance
D:11:     layout_irregular_city, lair_entry_dummy, orc_david_3

Skill      XL: |  1  2  3  4  5  6  7  8  9 10 11 |
---------------+----------------------------------+-----
Shields        | 4 5 6 7 |  7.3
Axes           | 3 4 5 6 7 |  7.3
Fighting       | 4 5 6 7 8 9 |  9.0
Armour         | 4 5 6 7 8 9 11 | 11.3
Dodging        | 1 2 3 |  3.7
Maces & Flails | 2 5 8 9 |  9.8
Throwing       | 1 3 5 |  5.2
Stealth        | 1 |  1.4
Long Blades    | 1 |  1.5

Action                   |  1- 3 |  4- 6 |  7- 9 | 10-12 || total
-------------------------+-------+-------+-------+-------++-------
Melee: War axe           |    60 |   109 |       |       ||   169
       Headbutt          |     7 |    20 |    27 |    42 ||    96
       Mace              |       |    14 |   170 |   191 ||   375
       Spear             |       |       |       |    13 ||    13
       Scimitar          |       |       |       |    23 ||    23
       Dagger            |       |       |       |     8 ||     8
Throw: Javelin           |       |       |    22 |       ||    22
       Boomerang         |       |       |    21 |    43 ||    64
Evoke: Wand              |       |       |       |     1 ||     1
  Use: Scroll            |       |       |     6 |     8 ||    14
       Potion            |       |       |       |     6 ||     6
Armor: Scale mail        |    43 |    71 |    69 |       ||   183
       Chain mail        |       |       |    18 |    68 ||    86
       Plate armour      |       |       |       |    35 ||    35
Dodge: Dodged            |    37 |    70 |    90 |    90 ||   287
Block: Buckler           |    13 |    33 |    33 |    72 ||   151

Table legend: (Time is in decaauts)
 A = Elapsed time spent in this place.
 B = Non-inter-level travel time spent in this place.
 C = Inter-level travel time spent in this place.
 D = Time resting spent in this place.
 E = Time spent auto-exploring this place.
 F = Levels seen in this place.
 G = Mean time per level.
                   A        B        C        D        E       F      G
               +--------+--------+--------+--------+--------+-----+--------+
         Total |  11985 |  11985 |      0 |    605 |      0 |  12 |  998.8 |
       Dungeon |  11877 |  11877 |      0 |    605 |      0 |  11 | 1079.7 |
         Sewer |    107 |    107 |      0 |      0 |      0 |   1 |  107.0 |
               +--------+--------+--------+--------+--------+-----+--------+

Top non-repeatable levels by time:
     D:6: 1390 daAuts
    D:10: 1383 daAuts
     D:4: 1357 daAuts
     D:9: 1145 daAuts
     D:3: 1066 daAuts
     D:7: 1024 daAuts
     D:8: 1021 daAuts
     D:2: 992 daAuts
    D:11: 925 daAuts
     D:1: 806 daAuts
     D:5: 765 daAuts
   Sewer: 107 daAuts
